 Dungeon Crawl Stone Soup version 0.20-a0-1018-ge435b50 (webtiles) character file.

56 Zoots the Shield-Bearer (level 3, -4/24 HPs)
             Began as a Gargoyle Fighter on Apr 17, 2017.
             Killed from afar by an orc wizard (7 damage)
             ... with a puff of flame
             ... on level 4 of the Dungeon.
             The game lasted 00:05:17 (1204 turns).

Zoots the Shield-Bearer (Gargoyle Fighter)          Turns: 1204, Time: 00:05:18

Health: -4/24      AC: 10    Str: 25    XL:     3   Next: 97%
Magic:  3/3        EV:  7    Int:  8    God:
Gold:   84         SH:  9    Dex:  9    Spells: 2/2 levels left

rFire    . . .     SeeInvis .   a - +0 flail
rCold    . . .     Gourm    .   c - +0 shield
rNeg     + . .     Faith    .   b - +0 scale mail
rPois    ∞         Spirit   .   (no helmet)
rElec    +         Reflect  .   (no cloak)
rCorr    .         Harm     .   (no gloves)
MR       .....                  (no boots)
Stlth    ..........             (no amulet)
Regen    0.1/turn               (no ring)
MPRegen  0.1/turn               (no ring)

@: mighty, hasted, very quick
A: negative energy resistance 1, electricity resistance, unbreathing,
petrification resistance, rot immunity, AC +3
a: no special abilities


You were on level 4 of the Dungeon.
You were not hungry.

You visited 1 branch of the dungeon, and saw 3 of its levels.

You collected 84 gold pieces.

Inventory:

Hand Weapons
 a - a +0 flail (weapon)
Armour
 b - a +0 scale mail (worn)
 c - a +0 shield (worn)
Jewellery
 h - an uncursed ring of protection from cold {unknown}
 j - an uncursed ring of protection from fire {unknown}
Scrolls
 e - 5 scrolls of identify {unknown}
 k - a scroll of recharging
 n - a scroll of fog
Potions
 d - a potion of might
Comestibles
 f - 2 bread rations
 l - 2 royal jellies
 o - a meat ration


   Skills:
 + Level 3.7 Fighting
 + Level 2.9 Maces & Flails
 + Level 3.7 Armour
 + Level 3.8 Shields


You had 2 spell levels left.
You didn't know any spells.

Dungeon Overview and Level Annotations

Branches:
Dungeon (2/15)

Altars:

Annotations:
D:4 Megalobster's ghost, amateur MiBe


Innate Abilities, Weirdness & Mutations

You are resistant to torment.
Your stone body is resilient. (AC +3)
You are immune to poison.
You resist negative energy. (rN+)
You are resistant to electric shocks. (rElec)
You can survive without breathing.
You are immune to petrification.
You are immune to rotting.


Message History

The adder barely misses you.
The jackal bites you but does no damage.
You miss the adder.
The orc wizard hits you but does no damage.
You block the adder's attack. The orc wizard completely misses you.
The jackal bites you but does no damage.
You closely miss the adder. You block the adder's attack.
The orc wizard hits you but does no damage.
You block the jackal's attack.
You barely miss the adder. The adder bites you but does no damage.
The orc wizard casts a cantrip, but nothing happens.
The jackal barely misses you. You block the adder's attack.
You closely miss the orc wizard.
The orc wizard points at you and mumbles some strange words.
The puff of frost hits you!
* * * LOW HITPOINT WARNING * * *
You block the jackal's attack. You block the adder's attack.
The orc wizard gestures at you while chanting.
The puff of flame hits you!
You die...

.. #.g#.#
.. #..#.#
## #..#.#
#..#.#
#..#.#
#..§W###
#..hO#§#
#...gSh#
#...§#@#
#...§#o#
.....#.§o#
.....#...#
......#...#
.....##...#
... #...#
##..#


You could see an ogre, an orc priest, an orc wizard, Megalobster's ghost, a
gnoll, an adder and 2 jackals.

Vanquished Creatures
  An adder (D:2)
  2 worms (D:2)
  2 dart slugs
  An orc (D:4)
  4 giant cockroaches
  4 hobgoblins
  5 jackals
  2 bats (D:2)
  2 frilled lizards (D:1)
  3 goblins
  6 kobolds
  3 rats (D:1)
35 creatures vanquished.

Notes
Turn   | Place    | Note
-------+----------+-------------------------------------------
     0 | D:1      | Zoots the Gargoyle Fighter began the quest for the Orb.
     0 | D:1      | Reached XP level 1. HP: 14/14 MP: 1/1
   185 | D:1      | Reached XP level 2. HP: 19/19 MP: 2/2
   550 | D:2      | Reached XP level 3. HP: 20/23 MP: 3/3
   967 | D:2      | You fall through a shaft for 2 floors!
  1010 | D:4      | Noticed a phantom
  1112 | D:4      | Noticed an ogre
  1155 | D:4      | Noticed Megalobster's ghost (amateur MiBe)
  1204 | D:4      | Killed from afar by an orc wizard

Vault maps used:
D:1:      scummos_arrival_checkerplants
D:4:      trog_eyes_of_draining

Action                   || total
-------------------------++-------
Melee: Flail             ||   146
  Use: Scroll            ||     4
       Potion            ||     2
  Eat: Chunk             ||     1
Armor: Scale mail        ||   139
Dodge: Dodged            ||    65
Block: Shield            ||    98
